 Dungeon Crawl Stone Soup version 0.19.1 (webtiles) character file.

156 Eliminator the Firebug (level 5, -2/39 HPs)
             Began as a Draconian Fire Elementalist on Dec 1, 2016.
             Killed by nerve-wracking pain
             ... invoked by Grinder
              (6 damage)
             ... on level 2 of the Dungeon.
             The game lasted 00:18:43 (2537 turns).

Eliminator the Firebug (DrFE)                       Turns: 2537, Time: 00:18:44

Health: -2/39      AC:  6    Str: 11    XL:     5   Next: 14%
Magic:  10/10      EV: 12    Int: 16    God:
Gold:   60         SH:  0    Dex: 11    Spells: 1 memorised, 9 levels left

rFire  . . .     SeeInvis .     e - +0 mace (drain)
rCold  . . .     Gourm    .     (armour unavailable)
rNeg   . . .     Faith    .     (no shield)
rPois  .         Spirit   .     (helmet restricted)
rElec  .         Reflect  .     q - +0 cloak
rCorr  .         Harm     .     (no gloves)
MR     .....                    (no boots)
Stlth  ++........               (no amulet)
                                (no ring)
                                (no ring)

@: drained
A: unfitting armour, cold-blooded, AC +5
a: no special abilities


You were on level 2 of the Dungeon.
You were hungry.

You visited 1 branch of the dungeon, and saw 3 of its levels.

You collected 60 gold pieces.

Inventory:

Hand Weapons
 e - a +0 mace of draining (weapon)
Missiles
 l - 3 javelins (quivered)
 n - 3 tomahawks of returning
Armour
 q - a +0 cloak (worn)
Jewellery
 s - an uncursed ring of magical power {unknown}
Scrolls
 g - a scroll of identify {unknown}
 j - 2 scrolls of blinking {unknown}
 m - 3 scrolls of enchant armour {unknown}
 o - a scroll of remove curse {unknown}
 r - 2 scrolls of magic mapping {unknown}
 t - a scroll of teleportation {unknown}
Potions
 d - 2 potions of curing {unknown}
 f - 2 potions of lignification {unknown}
 h - a potion of heal wounds {unknown}
 k - 2 potions of cancellation {unknown}
 p - a potion of cure mutation {unknown}
 u - a potion of berserk rage {unknown}
Books
 a - a book of Flames

   Spells                             Type                      Level
   a - Flame Tongue                   Conjuration/Fire             1
   b - Throw Flame                    Conjuration/Fire             2
   c - Conjure Flame                  Conjuration/Fire             3
   d - Inner Flame                    Hexes/Fire                   3
   e - Sticky Flame                   Conjuration/Fire             4
   f - Fireball                       Conjuration/Fire             5
Comestibles
 b - 2 bread rations
 i - a meat ration


   Skills:
 + Level 0.9(0.7) Fighting
 + Level 2.2(1.9) Dodging
 + Level 2.1(1.9) Stealth
 * Level 3.3(3.0) Spellcasting
 + Level 2.2(2.0) Conjurations
 + Level 3.8(3.5) Fire Magic


You had 9 spell levels left.
You knew the following spells:

 Your Spells              Type           Power        Failure   Level  Hunger
a - Flame Tongue          Conj/Fire      ##...        8%          1    #......


Dungeon Overview and Level Annotations

Branches:
Dungeon (3/15)

Altars:
Cheibriados
Okawaru

Annotations:
D:2 Grinder, Natasha


Innate Abilities, Weirdness & Mutations

Your plain brown scales are hard. (AC +5)
You cannot fit into any form of body armour.
You are cold-blooded and may be slowed by cold attacks.


Message History

Grinder gestures at you. You resist with significant effort.
The crimson imp hits you but does no damage.
Grinder gestures at you.
You shrug off the repeated paralysis!
Grinder blinks!
There is an open door here.
Natasha casts a spell.
Natasha casts a spell.
The crimson imp disappears in a puff of smoke!
The white imp gestures at you. The puff of frost misses you.
The crimson imp hits you but does no damage.
The crimson imp hits you but does no damage.
The white imp gestures at you. The puff of frost hits you!
* * * LOW HITPOINT WARNING * * *
Grinder gestures at you. Pain shoots through your body!
You die...

#####.# ##...## #.# ###.#
##.....## #.#### ##.#.#
##.......## #....#
##....###.........####....####
#.......'.......5.'...........
##..(.###....h....####...#####
##.#.# ##...55..## ##..# ###.#
##.....## ##.# #.######.@.##
#.# #.##....#'## #.#
#.##.##.#.#### #.#
#.##.##.#....# #)#
#.##.#.....#.# #>#
#.##.#.......# #)#
#...........## #.#
########....########.#
##.#..........#


You could see Grinder, Natasha, a crimson imp and a white imp.

Vanquished Creatures
  Terence (D:2)
  Natasha (D:2)
  Robin (D:2)
  2 adders
  A worm (D:2)
  A dart slug (D:2)
  A leopard gecko (D:2)
  5 orcs
  6 bats
  9 hobgoblins
  8 jackals
  5 kobolds
  A quokka (D:2)
  A ball python (D:2)
  4 frilled lizards
  11 goblins
  3 rats
61 creatures vanquished.

Notes
Turn   | Place    | Note
-------+----------+-------------------------------------------
     0 | D:1      | Eliminator the Draconian Fire Elementalist began the quest for the Orb.
     0 | D:1      | Reached XP level 1. HP: 14/14 MP: 3/3
   266 | D:1      | Reached XP level 2. HP: 20/20 MP: 3/5
   932 | D:2      | Reached XP level 3. HP: 26/26 MP: 2/6
   961 | D:2      | Found a snail-covered altar of Cheibriados.
  1470 | D:2      | Noticed Terence
  1477 | D:2      | Killed Terence
  1477 | D:2      | Reached XP level 4. HP: 33/33 MP: 3/8
  2082 | D:3      | Noticed Robin
  2119 | D:2      | Killed Robin
  2397 | D:3      | Found an iron altar of Okawaru.
  2397 | D:3      | Noticed Grinder
  2400 | D:3      | Noticed Natasha
  2468 | D:2      | Killed Natasha
  2468 | D:2      | Reached XP level 5. HP: 29/39 MP: 5/10
  2517 | D:2      | Noticed Natasha
  2522 | D:2      | Paralysed by Grinder for 2 turns
  2537 | D:2      | Killed from afar by Grinder

Skill      XL: |  1  2  3  4 |
---------------+-------------+-----
Stealth        | 2 |  2.1
Dodging        | 2 |  2.2
Spellcasting   | 3 |  3.3
Conjurations   | 2 |  2.2
Fighting       | |  0.9
Fire Magic     | |  3.8

Action                   |  1- 3 |  4- 6 || total
-------------------------+-------+-------++-------
Melee: Dagger            |    40 |     8 ||    48
       Club              |     3 |       ||     3
       Tailslap          |     5 |     1 ||     6
       Mace              |       |    12 ||    12
       Trident           |       |     7 ||     7
Throw: Stone             |    23 |       ||    23
       Javelin           |     3 |    20 ||    23
       Tomahawk          |       |     2 ||     2
 Cast: Flame Tongue      |    43 |    31 ||    74
  Eat: Chunk             |     2 |     3 ||     5
Armor: Skin              |    13 |    25 ||    38
Dodge: Dodged            |    44 |    50 ||    94
